 Dungeon Crawl Stone Soup version 0.29.1-15-g9cfb28693d (webtiles) character file.

Game seed: 16758241446469286252

43 Heoruswealwe the Magician (level 3, -9/19 HPs)
             Began as a Deep Elf Earth Elementalist on Apr 5, 2023.
             Mangled by Terence
             ... wielding a +0 flail
              (11 damage)
             ... on level 2 of the Dungeon.
             The game lasted 00:10:30 (1172 turns).

Heoruswealwe the Magician (DEEE)                    Turns: 1172, Time: 00:10:30

Health: -9/19      AC:  2    Str:  5    XL:     3   Next: 37%
Magic:  5/10       EV: 12    Int: 21    God:
Gold:   69         SH:  0    Dex: 15    Spells: 4/10 levels left

rFire   . . .      SeeInvis .   (no weapon)
rCold   . . .      Faith    .   (no shield)
rNeg    . . .      Spirit   .   a - +0 robe
rPois   .          Reflect  .   (no helmet)
rElec   .          Harm     .   (no cloak)
rCorr   .          Rampage  .   (no gloves)
Will    .....                   (no boots)
Stlth   ++........              (no amulet)
HPRegen 0.06/turn               (no ring)
MPRegen 0.12/turn               (no ring)

@: no status effects
A: no striking features
a: no special abilities


You were on level 2 of the Dungeon.
You visited 1 branch of the dungeon, and saw 2 of its levels.

You collected 69 gold pieces.

Inventory:

Armour
 a - a +0 robe (worn)
 c - a +0 robe
 i - a +0 robe
Wands
 m - a wand of digging (4)
Scrolls
 f - a scroll of enchant weapon {unknown}
 g - a scroll of vulnerability {unknown}
 j - 3 scrolls of teleportation {unknown}
 k - a scroll of fog {unknown}
Potions
 b - a potion of magic
 d - a potion of flight {unknown}
 e - 2 potions of curing {unknown}
 h - 2 potions of lignification {unknown}
 l - a potion of berserk rage {unknown}
 n - a potion of brilliance {unknown}


   Skills:
 - Level 2.4 Dodging
 - Level 2.4 Stealth
 + Level 4.3 Spellcasting
 - Level 1.1 Transmutations
 + Level 4.2 Earth Magic


You had 4 spell levels left.
You knew the following spells:

 Your Spells              Type           Power      Damage    Failure   Level
a - Sandblast             Erth           44%        2d11      1%          1
b - Stone Arrow           Conj/Erth      26%        3d8       14%         3
z - Passwall              Tmut/Erth      12%        N/A       6%          2

Your spell library contained the following spells:

 Spells                   Type           Power      Damage    Failure   Level
 Petrify                  Tmut/Erth      15%        N/A       36%         4


Dungeon Overview and Level Annotations

Branches:
Dungeon (2/15)

Altars:

Shops:
D:2 !

Annotations:
D:2 Terence


Message History

Found 7 gold pieces.
Found a shiny fluorescent wand.
You now have 69 gold pieces (gained 7).
m - a wand of digging (4)
Found a puce potion.
n - a puce potion
Found a brown potion.
e - 2 brown potions (gained 1)
You enter the shallow water.
Moving in this stuff is going to be slow.
Terence the Incautious comes into view.
He is wielding a +0 flail.
You enter the shallow water.
Moving in this stuff is going to be slow.
The blast of sand hits Terence.
Terence is lightly wounded.
Your line of fire to Terence is blocked by a plant.
Your line of fire to Terence is blocked by a plant.
The blast of sand hits Terence.
Terence is moderately wounded.
The blast of sand hits Terence but does no damage.
Terence is moderately wounded.
The blast of sand hits Terence but does no damage.
Terence is moderately wounded.
Terence hits you with a +0 flail.
The blast of sand misses Terence.
The blast of sand hits the plant!
The plant begins to die.
The plant is lightly damaged.
Terence hits you with a +0 flail. Terence hits you with a +0 flail!
Ouch! That really hurt!
* * * LOW HITPOINT WARNING * * *
Casting: Sandblast (safe; 1% risk of failure)
Confirm with . or Enter, or press ? or * to list all spells.
Aiming: Sandblast (safe; 1% risk of failure)
Press: ? - help, Shift-Dir - straight line, f/p - Terence
Aim: Terence, wielding a +0 flail and wearing a +0 chain mail (moderately wounded, 87% to hit)
The blast of sand hits Terence!
Terence is severely wounded.
Terence hits you with a +0 flail!
Ouch! That really hurt!
You die...

#...#######.#
#...........#
#.........##
##..........#
###...........#
#.............#
#.......###...#
###....##P#...#
~###.##..#.@##
.~P###PP.#@..#
P.~P.PPP~~...#
#P~~~~~P#...#
###P.P..#...#
####PP#...#
####..## ..##
###


You could see Terence.

Vanquished Creatures
  A dart slug (D:1)
  3 endoplasms
  5 hobgoblins
  4 jackals
  4 kobolds
  2 quokkas (D:1)
  5 ball pythons
  4 bats
  5 frilled lizards
  2 goblins
  2 rats (D:1)
37 creatures vanquished.

Notes
Turn   | Place    | Note
-------+----------+-------------------------------------------
     0 | D:1      | Heoruswealwe the Deep Elf Earth Elementalist began the
                  | quest for the Orb.
     0 | D:1      | Reached XP level 1. HP: 10/10 MP: 6/6
   394 | D:1      | Reached XP level 2. HP: 15/15 MP: 5/8
   397 | D:1      | Learned a level 2 spell: Passwall
   932 | D:2      | Reached XP level 3. HP: 19/19 MP: 7/10
   936 | D:2      | Learned a level 3 spell: Stone Arrow
  1074 | D:2      | Found Dulec's Distillery.
  1159 | D:2      | Noticed Terence
  1172 | D:2      | Mangled by Terence

Illustrated notes

Levels and vault maps discovered:
D:1:      psy_arrival_basics, layout_loops_corners
D:2:      layout_rooms, shapermc_ecumenical_altar_hornbeckon, serial_shops,
          shop, basic_altar, grunt_ministairs_10, uniq_terence

Skill      XL: |  1  2 |
---------------+-------+-----
Spellcasting   | 4 |  4.3
Earth Magic    | 4 |  4.2
Dodging        | |  2.4
Stealth        | |  2.4
Transmutations | |  1.1

Action                   || total
-------------------------++-------
 Cast: Sandblast         ||    49
       Passwall          ||     2
Dodge: Dodged            ||     2
